 Dungeon Crawl Stone Soup version coffee-0.2.0 (webtiles) character file.

Game seed: 14910339078475553121, levelgen mode: deterministic

17892 Dorkslayer the Spear-Bearer (level 12, -1/104 HPs)
             Began as a Minotaur Fighter on Oct 24, 2020.
             Was the Champion of Okawaru.
             Slain by a green draconian stormcaller
             ... wielding a +0 long sword
              (4 damage)
             ... in the Realm of Zot on Oct 27, 2020.
             The game lasted 00:35:45 (8296 turns).

Dorkslayer the Spear-Bearer (Minotaur Fighter)      Turns: 8296, Time: 00:35:45

Health: -1/104     AC: 18    Str: 26    XL:     12   Next: 22%
Magic:  11/16      EV: 20    Int:  5    God:    Okawaru [******]
Gold:   713        SH: 15    Dex: 18    Spells: 11/11 levels left

rFire    . . .     SeeInvis .   F - +12 spear of the Forest {vorpal, Dex+2}
rCold    + . .     Gourm    +   c - +1 kite shield
rNeg     . . .     Faith    .   E - +0 plate armour
rPois    .         Spirit   .   u - +1 hat of Doohi {rC+ Str+2 Dex+4 Stlth+}
rElec    .         Reflect  .   d - +0 cloak
rCorr    .         Harm     .   (no gloves)
MR       .....                  (no boots)
Stlth    +.........             m - amulet of the gourmand
HPRegen  0.27/turn              b - +3 ring of evasion
MPRegen  0.15/turn              w - +3 ring of evasion

@: finesse
A: retaliatory headbutt, hooves 1, horns 2
a: Heroism, Finesse, Renounce Religion


You were in the Realm of Zot.
You worshipped Okawaru.
Okawaru was exalted by your worship.
You were very full.

You visited 3 branches of the dungeon, and saw 12 of its levels.

You collected 713 gold pieces.

Inventory:

Hand Weapons
 A - a +0 demon blade of flaming
 F - the +12 spear of the Forest (weapon) {vorpal, Dex+2}
   (You found it on level 6 of the Dungeon)

   It inflicts extra damage upon your enemies.
   It affects your dexterity (+2).
Missiles
 a - 2 boomerangs (quivered)
 I - 2 javelins
Armour
 c - a +1 kite shield (worn)
 d - a +0 cloak (worn)
 u - the +1 hat of Doohi (worn) {rC+ Str+2 Dex+4 Stlth+}
   (Okawaru gifted it to you on level 10 of the Dungeon)

   It affects your strength (+2).
   It affects your dexterity (+4).
   It protects you from cold.
   It makes you more stealthy.
 E - a +0 plate armour (worn)
Jewellery
 b - a +3 ring of evasion (left hand)
 e - an uncursed ring of see invisible
 m - an amulet of the gourmand (around neck)
 w - a +3 ring of evasion (right hand)
Scrolls
 g - 2 scrolls of enchant weapon
 k - 4 scrolls of amnesia
 o - a scroll of immolation
 p - a scroll of summoning
 q - 2 scrolls of remove curse
 r - 2 scrolls of teleportation
 s - a scroll of fog
 t - 3 scrolls of silence
 v - 5 scrolls of blinking
 y - a scroll of brand weapon
 D - a scroll of magic mapping
 K - 2 scrolls of fear
Potions
 h - 2 potions of brilliance
 j - a potion of haste
 l - a potion of curing
 n - 3 potions of mutation
 x - a potion of cancellation
 z - 2 potions of flight
 B - a potion of resistance
Comestibles
 f - 21 rations
 i - 3 chunks of flesh


   Skills:
 + Level 9.0(12.7) Fighting
   Level 4.2(8.6) Short Blades
 + Level 7.0(10.2) Long Blades
 + Level 10.6(11.7) Polearms
 + Level 0.6 Throwing
 + Level 9.5(12.9) Armour
 + Level 3.0(10.4) Dodging
 + Level 2.0(8.7) Stealth
 + Level 10.6(13.3) Shields
 * Level 7.9(8.8) Invocations
   Level 5.5(7.2) Evocations


You had 11 spell levels left.
You didn't know any spells.
Your spell library contained the following spells:

 Spells                   Type           Power        Failure   Level  Hunger
 Freeze                   Ice            #...         67%         1    #......
 Shock                    Conj/Air       #...         75%         1    #......
 Corona                   Hex            #......      83%         1    #......
 Swiftness                Chrm/Air       #.......     86%         2    ###....
 Ensorcelled Hibernation  Hex/Ice        #.....       87%         2    ###....
 Magic Dart               Conj           #...         95%         1    #......
 Pain                     Necr           #...         95%         1    #......
 Sting                    Tmut/Pois      #...         95%         1    #......
 Summon Butterflies       Summ           #.......     95%         1    #......
 Static Discharge         Conj/Air       #.......     98%         3    ###....
 Confusing Touch          Hex            #.......     99%         3    ###....
 Dazzling Flash           Conj/Hex       #.....       99%         3    ###....
 Tukima's Dance           Hex            #.......     99%         3    ###....
 Airstrike                Air            #.........   99%         4    #####..
 Lightning Bolt           Conj/Air       #.........   100%        5    ######.


Dungeon Overview and Level Annotations

Branches:
Dungeon (10/10)            Temple (1/1) D:2             Zot (1/1) D:10

Altars:
Ashenzari
Cheibriados
Dithmenos
Elyvilon
Fedhas
Gozag
Hepliaklqana
Kikubaaqudgha
Makhleb
Nemelex Xobeh
Okawaru
Qazlal
Ru
Sif Muna
Trog
Uskayaw
Vehumet
Wu Jian
Xom
Yredelemnul
Zin
The Shining One

Shops:
D:4 %*   D:6 ?%}*

Annotations:
D:7 exclusion: ice statue


Innate Abilities, Weirdness & Mutations

You reflexively headbutt those who attack you in melee.
You have a pair of horns on your head.
You have large cloven feet.


Message History

You puncture the red draconian! You kick the red draconian!
The red draconian is heavily wounded.
You hit the red draconian.
You kick the red draconian, but do no damage.
The red draconian is severely wounded.
You hit the red draconian.
You kick the red draconian, but do no damage.
You headbutt the red draconian.
The red draconian is almost dead.
The black draconian monk breathes lightning at you.
The bolt of lightning misses you.
You barely miss the red draconian.
The red draconian is almost dead.
The green draconian hits you from afar with a +0 glaive.
* * * LOW HITPOINT WARNING * * *
You block the red draconian's attack.
The red draconian annihilator mumbles some strange words.
The red draconian annihilator blinks!
The green draconian stormcaller hits you with a +0 long sword.
You die...

########### ####
#.........##### #...
#.........'...# #...
*******###.........###.# #...
*,,,,,,........°...# #.#####...
*,,,,,,......d°....#*#.....'...
*,,,,,,.....d§d....#...#####...
*,,,,,,....qkq@....#.### ###...
*,,,,,,.....kqk....#.*####.....
*,,,,,,....q≈≈≈≈≈≈.#,,...'.....
*,,,,,,.....≈≈≈≈≈≈.#,*####.....
*,,,,,⌠.....≈≈≈≈≈≈.#,* #.....
*,,,,,,.....≈≈≈≈≈≈.#,* #.....
*,,,,,,.....≈≈≈≈≈≈.+,* #.....
*,,,,,,.....≈≈≈≈≈≈.#** #.....
*,,,,,,,,,,,,,,,,,,* #.....


You could see a death drake, a wind drake, 2 draconians, a rime drake, a yellow
draconian, a green draconian, a red draconian, a green draconian stormcaller and
a red draconian annihilator.

Vanquished Creatures
  A curse toe (Zot)
  An orb of fire (Zot)
  2 two-headed ogres
  2 death cobs (Zot)
  2 storm dragons (D:10)
  A draconian monk (D:10)
  A shadow dragon (D:10)
  A draconian stormcaller (D:10)
  A deep elf mage (D:10)
  2 centaur zombies (D:10)
  A fire dragon (D:10)
  2 white draconians (D:10)
  A kobold demonologist (D:10)
  2 yellow draconians (D:10)
  3 green draconians (D:10)
  A hornet (D:10)
  A troll (D:10)
  A moth of wrath (Zot)
  A vampire (D:10)
  4 yaks (D:9)
  4 hogs (D:7)
  A human (D:7)
  2 hungry ghosts
  2 water moccasins
  A hornet zombie (D:9)
  3 orc warriors
  An ice beast (D:7)
  A black bear (D:9)
  An eye of draining (D:10)
  4 sky beasts
  An ogre (D:8)
  2 phantoms
  A centaur (D:7)
  A big kobold (D:9)
  9 bullfrogs
  A wyvern zombie (D:9)
  2 scorpions
  7 wights
  21 killer bees
  A crimson imp (D:5)
  A lava snake (D:7)
  2 bullfrog zombies (D:8)
  4 bullfrog skeletons
  2 jellies (D:5)
  6 orc priests
  6 orc wizards
  A centaur skeleton (D:7)
  3 iguanas
  6 worker ants
  A killer bee zombie (D:6)
  2 worker ant zombies
  7 gnolls (D:3)
  5 adders
  2 shadow imps
  A dart slug (D:5)
  3 leopard geckos
  24 orcs
  A ball python (D:3)
  6 goblins
  7 hobgoblins
  2 jackals (D:5)
  10 kobolds
  2 quokkas
  5 bats
  4 frilled lizards
  6 rats
216 creatures vanquished.

Notes
Turn   | Place    | Note
-------+----------+-------------------------------------------
     0 | D:1      | Dorkslayer the Minotaur Fighter began the quest for the
                  | Orb.
     0 | D:1      | Reached XP level 1. HP: 19/19 MP: 0/0
   372 | D:1      | Reached XP level 2. HP: 27/27 MP: 1/1
   804 | D:2      | Reached XP level 3. HP: 15/33 MP: 2/2
   996 | D:2      | You fall into a shaft and drop 2 floors!
  1144 | D:2      | Found a bloodstained altar of Trog.
  1368 | D:2      | Found a staircase to the Ecumenical Temple.
  1377 | Temple   | Entered the Ecumenical Temple
  1556 | D:2      | Found a faded altar of an unknown god.
  1733 | D:3      | Found a white marble altar of Elyvilon.
  1770 | D:3      | Noticed a bullfrog
  1779 | D:3      | Killed a bullfrog
  1779 | D:3      | Reached XP level 4. HP: 36/40 MP: 3/3
  1848 | D:3      | Reached XP level 5. HP: 41/46 MP: 4/4
  1886 | D:3      | Found an iron altar of Okawaru.
  1892 | D:3      | Became a worshipper of Warmaster Okawaru
  1960 | D:3      | Reached skill level 1 in Dodging
  1968 | D:3      | Reached skill level 5 in Shields
  1981 | D:3      | Identified the +6 dagger of Lajumpim {flame, +Blink Str+8
                  | Int-4 Stlth+}
  2518 | D:4      | Found Wefigypp's Assorted Antiques.
  2692 | D:4      | Found a glowing golden altar of the Shining One.
  2817 | D:4      | Reached XP level 6. HP: 53/53 MP: 5/5
  2836 | D:4      | Found Imurghy's Food Boutique.
  3171 | D:5      | Entered Level 5 of the Dungeon
  3172 | D:5      | Found a shattered altar of Ashenzari.
  3190 | D:5      | Reached skill level 5 in Long Blades
  3203 | D:5      | Reached skill level 1 in Short Blades
  3342 | D:5      | Reached skill level 1 in Stealth
  3369 | D:5      | Found an ornate altar of the Wu Jian Council.
  3440 | D:5      | Reached * piety under Okawaru
  3440 | D:5      | Reached skill level 5 in Armour
  3440 | D:5      | Reached XP level 7. HP: 60/60 MP: 6/6
  3546 | D:5      | Noticed a +0 hand axe
  3548 | D:5      | Noticed a +0 hand axe
  3555 | D:5      | Found a hide-covered altar of Uskayaw.
  3883 | D:6      | Found Leapiesch's Assorted Antiques.
  3975 | D:6      | Found Linuth's Gadget Shoppe.
  3979 | D:6      | Found Wehufety's Food Emporium.
  4372 | D:6      | Found Ocasutaq's Magic Scroll Boutique.
  4373 | D:6      | Noticed a two-headed ogre
  4382 | D:6      | Killed a two-headed ogre
  4382 | D:6      | Reached skill level 5 in Fighting
  4382 | D:6      | Reached XP level 8. HP: 36/68 MP: 7/7
  4398 | D:6      | Got the +12 spear of the Forest {vorpal, Dex+2}
  4455 | D:6      | Found an opulent altar of Gozag.
  4634 | D:7      | Reached ** piety under Okawaru
  4634 | D:7      | Reached skill level 1 in Invocations
  4634 | D:7      | Reached skill level 1 in Evocations
  4732 | D:7      | Reached skill level 1 in Polearms
  4737 | D:7      | Reached XP level 9. HP: 70/74 MP: 9/9
  4743 | D:7      | Reached *** piety under Okawaru
  5255 | D:7      | Noticed an ice statue
  5515 | D:8      | Reached **** piety under Okawaru
  5527 | D:8      | Found a burning altar of Makhleb.
  5616 | D:8      | Found a sacrificial altar of Ru.
  5692 | D:8      | Reached skill level 5 in Polearms
  5796 | D:8      | Reached XP level 10. HP: 83/83 MP: 12/12
  5911 | D:8      | Found a glowing silver altar of Zin.
  6012 | D:8      | Found a hazy altar of Hepliaklqana.
  6347 | D:9      | Reached ***** piety under Okawaru
  6356 | D:9      | Got Witchery 101
  6426 | D:9      | Reached skill level 5 in Invocations
  6437 | D:9      | Received a gift from Okawaru
  6488 | D:9      | Found a snail-covered altar of Cheibriados.
  6657 | D:9      | Found a sparkling altar of Nemelex Xobeh.
  6914 | D:10     | Entered Level 10 of the Dungeon
  7122 | D:10     | Reached XP level 11. HP: 92/92 MP: 14/14
  7125 | D:10     | Reached skill level 5 in Evocations
  7194 | D:10     | Noticed a deep elf mage
  7201 | D:10     | Killed a deep elf mage
  7215 | D:10     | Received a gift from Okawaru
  7216 | D:10     | Got the +1 hat of Doohi {rC+ Str+2 Dex+4 Stlth+}
  7441 | D:10     | Noticed a storm dragon
  7462 | D:10     | Killed a storm dragon
  7520 | D:10     | Noticed a purple draconian stormcaller
  7543 | D:10     | Noticed a death drake
  7549 | D:10     | Killed a purple draconian stormcaller
  7865 | D:10     | Noticed a shadow dragon
  7866 | D:10     | Noticed a storm dragon
  7879 | D:10     | Killed a shadow dragon
  7879 | D:10     | Reached skill level 10 in Shields
  7883 | D:10     | Killed a storm dragon
  7892 | D:10     | Found a gate to the Realm of Zot.
  7903 | D:10     | Noticed a green draconian monk
  7915 | D:10     | Killed a green draconian monk
  8025 | D:10     | Noticed a two-headed ogre
  8031 | D:10     | Killed a two-headed ogre
  8161 | Zot      | Entered the Realm of Zot
  8165 | Zot      | Noticed an orb of fire
  8167 | Zot      | Gained mutation: You have large cloven feet. [an orb of
                  | fire]
  8175 | Zot      | Killed an orb of fire
  8175 | Zot      | Reached skill level 10 in Polearms
  8193 | Zot      | Noticed a curse toe
  8193 | Zot      | Noticed a death cob
  8198 | Zot      | Killed a death cob
  8198 | Zot      | Reached XP level 12. HP: 42/103 MP: 16/16
  8201 | Zot      | Killed a curse toe
  8201 | Zot      | Reached ****** piety under Okawaru
  8290 | Zot      | HP: 3/104 [wind drake/the air[a green draconian
                  | stormcaller] (7)]
  8296 | Zot      | HP: 3/104 [green draconian/+0 glaive (4)]
  8296 | Zot      | Slain by a green draconian stormcaller

Levels and vault maps discovered:
D:1:      saegor_arrival_simple_b, layout_basic
D:2:      layout_loops_ring, old_standard_altar, minmay_temple_entry_mist,
          chequers_ecumenical_altar_simple, first_ration
D:3:      layout_loops_ring, old_standard_altar, elyvilon_altar_4,
          minmay_misc_feat_four_crosses
D:4:      layout_cave_pods, marbit_many_paths, serial_shops, kennysheep_mini,
          nicolae_shop_competitors_out_of_business, due_unseen_surprise
D:5:      layout_basic, lemuel_coloured_pillars_altar,
          ashenzari_conservatory_becter, dancing_weapons_uskayaw,
          kennysheep_pointless_box
D:6:      layout_basic, serial_shops, nicolae_shop_waterfront,
          nicolae_shop_waterfront, shop, shop,
          nicolae_gozag_cash_rules_everything_around_me
D:7:      lemuel_ice_statue, layout_loops_ring, grunt_livestock,
          kennysheep_generic_room_2
D:8:      layout_cave_pods, nicolae_overflow_crystal_walls,
          lemuel_crystal_altar, zin_statuary, lemuel_round_altar
D:9:      layout_loops_cross, nemelex_xobeh_ov_fountains_minmay, basic_altar,
          st_stairs_12
D:10:     grunt_zot_entry_gee_three, layout_rooms
Temple:   eino_wide_crystal_templ
Zot:      layout_gridlike

Skill      XL: |  1  2  3  4  5  6  7  8  9 10 11 12 |
---------------+-------------------------------------+-----
Shields        | 4 5 6 7 8 9 10 | 10.6
Armour         | 4 5 6 7 8 9 |  9.5
Fighting       | 4 5 6 7 8 9 |  9.0
Long Blades    | 3 4 5 6 7 |  7.0
Dodging        | 1 2 3 |  3.0
Short Blades   | 1 4 |  4.2
Stealth        | 1 2 |  2.0
Invocations    | 2 4 5 7 |  7.9
Evocations     | 2 3 4 5 |  5.5
Polearms       | 1 5 7 10 | 10.6
Throwing       | |  0.6

Action                   |  1- 3 |  4- 6 |  7- 9 | 10-12 || total
-------------------------+-------+-------+-------+-------++-------
Melee: Long sword        |    88 |    31 |       |       ||   119
       Headbutt          |     6 |    19 |    40 |    41 ||   106
       Dagger            |       |    56 |    40 |       ||    96
       Spear             |       |       |   148 |   259 ||   407
       Kick              |       |       |       |     9 ||     9
Throw: Throwing net      |       |       |     1 |       ||     1
       Boomerang         |       |       |       |     2 ||     2
Invok: Heroism           |       |       |       |     1 ||     1
       Finesse           |       |       |       |     1 ||     1
Evoke: Wand              |       |       |       |    12 ||    12
  Use: Potion            |       |       |       |    10 ||    10
       Scroll            |       |       |       |     4 ||     4
 Stab: Sleeping          |       |     2 |       |       ||     2
       Invisible         |       |       |       |     1 ||     1
  Eat: Chunk             |    12 |     5 |    13 |    12 ||    42
Armor: Scale mail        |    36 |     5 |       |       ||    41
       Chain mail        |       |     8 |    15 |       ||    23
       Plate armour      |       |       |    13 |    30 ||    43
Dodge: Dodged            |    31 |    28 |    68 |    82 ||   209
Block: Kite shield       |    52 |    31 |    70 |   106 ||   259
       Rpst.: Long sword |    10 |     1 |       |       ||    11
